Map: New Williamsberg

Players

Monkoto

  • Race: Zerg Zerg
  • Spawn Location: 12:00

Imphyxx

  • Race: Protoss Protoss
  • Spawn Location: 0:00

RawritsRay

  • Race: Protoss Protoss
  • Spawn Location: 3:00

Manta - Winner!

  • Race: Zerg Zerg
  • League: Silver
  • Spawn Location: 0:00

Njwboom - Winner!

  • Race: Protoss Protoss
  • League: Diamond
  • Spawn Location: 6:00

Dallinger - Winner!

  • Race: Terran Terran
  • League: Diamond
  • Spawn Location: 9:00

VOD

Have the link to the VOD?

Description

Time

  • Played on: Feb. 19, 2016, 11:45 p.m.
  • Length: 6:09
Show
View Real Time Build Order
Export as new Build Order

Monkoto Zerg 

Build Orders: Pool First 

Get SALT Encoding   

  12  0:01  Drone  
  13  0:11  Drone  
  14  0:19  Drone, Extractor  
  14  0:40  Spawning Pool  
  14  0:42  Overlord  
  13  0:47  Drone  
  14  1:01  Drone x2  
  16  1:04  Drone  
  17  1:16  Drone  
  18  1:27  Queen  
  18  1:29  Zergling x2  
  21  1:35  Metabolic Boost  
  21  1:39  Zergling x2  
  22  1:47  Overlord  
  22  2:06  Zergling x2  
  23  2:19  Zergling x2  
  24  2:29  Zergling x2  
  25  2:32  Zergling x2  
  25  2:36  Zergling x6  
  29  2:40  Hatchery  
  28  2:50  Zergling x2  
  29  3:19  Baneling Nest  
  28  3:20  Drone  
  28  3:21  Drone  
  30  3:47  Lair  
  30  3:49  Extractor  
  30  3:50  Drone  
  29  4:28  Baneling x2  
  29  4:29  Baneling x2  
  29  4:30  Baneling  
  29  4:32  Zergling x14  
  29  4:38  Overlord x3  
  36  4:53  Queen  
  29  5:16  Queen  
  29  5:19  Zergling x10  
  36  5:25  Spire  
Show
View Real Time Build Order
Export as new Build Order

Imphyxx Protoss 

Build Orders:  

Get SALT Encoding   

  12  0:03  Probe (Chrono Boost)  
  14  0:14  Probe (Chrono Boost)  
  14  0:23  Pylon  
  14  0:25  Probe (Chrono Boost)  
  15  0:41  Probe (Chrono Boost)  
  16  0:52  Probe (Chrono Boost)  
  17  0:58  Gateway  
  17  1:04  Pylon  
  17  1:15  Assimilator  
  17  1:19  Assimilator  
  17  1:22  Pylon  
  17  1:35  Probe (Chrono Boost)  
  18  1:45  Probe (Chrono Boost), Zealot  
  21  1:55  Cybernetics Core  
  21  2:00  Gateway  
  21  2:21  Gateway  
  21  2:23  Pylon, Zealot  
  21  2:28  Probe (Chrono Boost)  
  24  2:40  Warp Gate (Chrono Boost)  
  24  2:49  Zealot  
  26  3:03  Probe  
  27  3:15  Probe  
  28  3:29  Probe  
  29  3:35  Stalker x3  
  30  4:15  Nexus  
  22  4:18  Assimilator  
  22  4:22  Assimilator  
  20  4:36  Stalker x2  
  20  4:37  Stalker  
    5:39  Probe  
  1  5:49  Probe  
Show
View Real Time Build Order
Export as new Build Order

RawritsRay Protoss 

Build Orders:  

Get SALT Encoding   

  12  0:01  Probe (Chrono Boost)  
  13  0:12  Probe (Chrono Boost)  
  14  0:20  Pylon  
  14  0:23  Probe (Chrono Boost)  
  15  0:39  Probe (Chrono Boost)  
  15  0:41  Gateway  
  16  0:49  Probe (Chrono Boost)  
  17  0:54  Assimilator  
  17  1:00  Probe (Chrono Boost)  
  18  1:10  Probe (Chrono Boost)  
  19  1:21  Probe (Chrono Boost)  
  19  1:25  Gateway  
  20  1:30  Pylon  
  20  1:31  Probe (Chrono Boost)  
  21  1:33  Assimilator  
  21  1:42  Probe (Chrono Boost)  
  22  1:48  Zealot (Chrono Boost)  
  22  1:53  Probe  
  25  2:05  Probe  
  26  2:16  Cybernetics Core  
  26  2:22  Zealot (Chrono Boost)  
  30  2:24  Zealot (Chrono Boost)  
  30  2:25  Probe  
  30  3:09  Twilight Council  
  30  3:12  Warp Gate (Chrono Boost)  
  30  3:13  Pylon  
  30  3:15  Pylon  
  30  3:18  Robotics Facility  
  30  3:31  Stalker, Zealot  
  30  3:32  Pylon  
  34  4:01  Stalker  
  34  4:02  Stalker  
  22  5:32  Nexus  
Show
View Real Time Build Order
Export as new Build Order

Manta Zerg - Winner!

Build Orders: 3 Hatch before Pool 

Get SALT Encoding   

  12  0:03  Drone  
  13  0:28  Drone  
  14  0:52  Hatchery  
  13  1:08  Drone  
  14  1:12  Overlord  
  14  1:16  Hatchery  
  13  1:21  Drone  
  14  1:43  Drone x3  
  17  1:51  Spawning Pool, Extractor  
  15  2:03  Drone  
  15  2:05  Overlord  
  16  2:11  Drone  
  17  2:19  Drone, Extractor  
  17  2:20  Drone  
  18  2:27  Drone x2  
  18  2:29  Drone  
  21  2:45  Drone  
  21  2:46  Drone x2  
  24  3:00  Drone x2  
  24  3:01  Drone  
  24  3:02  Lair  
  27  3:06  Drone  
  27  3:07  Drone x2  
  30  3:18  Zergling x6  
  33  3:21  Drone x2  
  30  4:03  Queen  
  30  4:04  Spire  
  30  4:05  Overlord  
  31  4:10  Drone x2  
  33  4:18  Drone  
  34  4:35  Zergling x6  
  34  4:37  Metabolic Boost  
  37  4:47  Drone  
  26  5:15  Mutalisk x2  
  26  5:16  Zergling x6  
  33  5:29  Zergling x2  
  33  5:31  Mutalisk  
  33  5:33  Zergling x4  
Show
View Real Time Build Order
Export as new Build Order

Njwboom Protoss - Winner!

Build Orders:  

Get SALT Encoding   

  12  0:01  Probe (Chrono Boost)  
  13  0:11  Probe (Chrono Boost)  
  14  0:18  Pylon  
  14  0:22  Probe (Chrono Boost)  
  15  0:36  Probe (Chrono Boost)  
  15  0:40  Gateway  
  16  0:46  Assimilator  
  16  0:47  Probe (Chrono Boost)  
  17  0:52  Assimilator  
  17  0:57  Probe (Chrono Boost)  
  18  1:05  Gateway  
  18  1:08  Probe (Chrono Boost)  
  19  1:18  Probe (Chrono Boost)  
  20  1:29  Probe (Chrono Boost)  
  20  1:30  Cybernetics Core  
  21  1:35  Pylon  
  22  1:40  Probe (Chrono Boost)  
  22  1:57  Gateway x2  
  22  2:03  Pylon  
  22  2:06  Warp Gate (Chrono Boost)  
  22  2:22  Robotics Facility  
  22  2:25  Stalker  
  24  2:34  Stalker  
  26  2:42  Pylon  
  26  2:49  Stalker  
  28  2:56  Stalker  
  30  3:10  Warp Prism (Chrono Boost)  
  32  3:39  Gateway  
  32  3:41  Pylon  
  32  4:05  Stalker  
  32  4:06  Stalker  
  32  4:07  Stalker x2  
  40  4:33  Stalker x3  
  40  4:35  Stalker  
  40  5:00  Stalker x3  
  46  5:09  Stalker  
  48  5:23  Stalker x2  
  52  5:40  Stalker  
  54  5:44  Pylon  
Show
View Real Time Build Order
Export as new Build Order

Dallinger Terran - Winner!

Build Orders: MMM Bio 

Get SALT Encoding   

  12  0:01  SCV  
  13  0:13  SCV  
  14  0:19  Supply Depot  
  14  0:25  SCV  
  15  0:40  SCV  
  15  0:41  Barracks  
  16  0:46  Refinery  
  16  0:52  SCV  
  17  1:04  SCV  
  18  1:17  SCV  
  19  1:19  Barracks  
  19  1:23  Refinery  
  19  1:30  Supply Depot  
  19  1:34  Orbital Command  
  19  1:38  Barracks Reactor  
  19  1:52  Engineering Bay  
  19  2:02  SCV  
  20  2:09  Factory  
  20  2:13  Barracks Tech Lab  
  20  2:17  SCV  
  20  2:22  Marine x2  
  22  2:29  Supply Depot  
  23  2:31  SCV  
  24  2:38  Stimpack  
  24  2:54  Barracks  
  24  2:57  Starport  
  24  3:05  Marine  
  24  3:06  Marine x2  
  24  3:09  Factory Reactor  
  26  3:22  Terran Infantry Weapons Level 1  
  26  3:25  SCV  
  27  3:32  Supply Depot  
  27  3:43  Barracks Reactor  
  27  3:59  Marine x3  
  30  4:05  Supply Depot  
  30  4:07  Medivac, Missile Turret  
  30  4:08  Medivac  
  34  4:28  Marine  
  34  4:29  Marine x4  
  39  4:39  Combat Shields  
  39  4:46  Marine x3  
  39  4:47  Marine x2  
  31  5:42  Marine x3  
  23  5:43  Marine x2  
Tags
 
Add a new tag
Caveats
  • Supply blocks, unpowered buildings, or Contaminate may cause inaccurate times.
  • Supply counts are checked every 10 seconds.